[Event "Titled Tuesday Blitz July 4 Early 2023"]
[White "The_Sherman_Variation"]
[Black "Bachmann, Axel"]
[BlackFideId "3700488"]
[WhiteElo "2563"]
[BlackElo "2791"]
[Result "0-1"]
[Round "4"]
[TimeControl "180+2"]
[Date "2023.07.04"]
[WhiteClock "0:00:06"]
[BlackClock "0:00:05"]
[Board "51"]

1. Nf3 d5 2. d4 Nf6 3. Bf4 e6 4. e3 Bd6 5. Nbd2 Bxf4 6. exf4 O-O 7. c3 c5 8. Bd3 cxd4 9. cxd4 Nc6 10. a3 Qb6 11. Nb3 a5 12. O-O a4 13. Nc5 Nxd4 14. Nxd4 Qxc5 15. Rc1 Qb6 16. Nb5 Bd7 17. Qe2 Bxb5 18. Bxb5 Ne4 19. Kh1 g6 20. f3 Nd6 21. Bd3 Rfc8 22. h4 Qd4 23. g3 Rxc1 24. Rxc1 Rc8 25. Rxc8+ Nxc8 26. h5 Kg7 27. Kg2 Nd6 28. hxg6 hxg6 29. Qc2 b5 30. Qe2 Nc4 31. Bxc4 bxc4 32. Kh2 Kg8 33. Qc2 Qb6 34. g4 Qb3 35. Qe2 c3 36. bxc3 Qxa3 37. f5 gxf5 38. gxf5 Qd6+ 39. Kg2 e5 40. Qb5 a3 41. Qe8+ Kg7 42. Qa8 Kf6 43. Qa7 d4 44. cxd4 exd4 45. Kf1 d3 46. Ke1 Qb4+ 47. Kf2 Qb2+ 48. Kg3 a2 49. Qa6+ Kg5 50. Qc8 a1=Q 51. f4+ Kh5 52. Qc6 Qg1+ 0-1


[Site "https://www.chess.com"]

[Event "Titled Tuesday Blitz July 4 Early 2023"]
[White "Lin, Dachey"]
[Black "Tologon tegin, Semetei"]
[WhiteFideId "2029650"]
[BlackFideId "13800574"]
[WhiteElo "2787"]
[BlackElo "2557"]
[Result "1-0"]
[Round "4"]
[TimeControl "180+2"]
[Date "2023.07.04"]
[WhiteClock "0:00:10"]
[BlackClock "0:00:00"]
[Board "52"]

1. g4 g6 2. Bg2 Bg7 3. h4 h5 4. g5 d5 5. c4 c6 6. cxd5 cxd5 7. Nc3 e6 8. d4 Ne7 9. Bf4 Nbc6 10. e3 O-O 11. Nge2 b6 12. Ng3 Ba6 13. Qa4 Qc8 14. Bf3 Qb7 15. Nb5 Bxb5 16. Qxb5 a6 17. Qe2 e5 18. dxe5 Nxe5 19. Bg2 Rfe8 20. O-O Rad8 21. Rac1 b5 22. Rfd1 Qb6 23. b3 N5c6 24. Rd2 d4 25. e4 Ne5 26. Qd1 N7c6 27. Ne2 Ng4 28. Bg3 Be5 29. Nf4 d3 30. Kf1 Nb4 31. Qf3 Nc2 32. Rxd3 Nd4 33. Qd1 Bxf4 34. Bxf4 Nxb3 35. Rc2 Nd4 36. Rcd2 Ne6 37. Bg3 Rxd3 38. Rxd3 b4 39. Qd2 Qb5 40. Kg1 Rc8 41. f3 Qc5+ 42. Kf1 Qc1+ 43. Qxc1 Rxc1+ 44. Ke2 Rc2+ 45. Rd2 Nd4+ 46. Kd3 Rxd2+ 47. Kxd2 1-0


[Site "https://www.chess.com"]

[Event "Titled Tuesday Blitz July 4 Early 2023"]
[White "Mendonca, Leon Luke"]
[Black "Estrada Nieto, Julian"]
[WhiteFideId "35028561"]
[BlackFideId "5101018"]
[WhiteElo "2786"]
[BlackElo "2557"]
[Result "1-0"]
[Round "4"]
[TimeControl "180+2"]
[Date "2023.07.04"]
[WhiteClock "0:00:35"]
[BlackClock "0:00:02"]
[Board "53"]

1. e4 e5 2. Nf3 Nc6 3. Bc4 Bc5 4. d3 Nf6 5. h3 d6 6. a4 a6 7. Nbd2 Ba7 8. Nf1 Be6 9. Bxe6 fxe6 10. Be3 O-O 11. Bxa7 Nxa7 12. Ng3 Nc6 13. O-O h6 14. c3 Qe8 15. Re1 Nh5 16. Nxh5 Qxh5 17. Qb3 Nd8 18. Re3 a5 19. d4 exd4 20. cxd4 Qf7 21. Rc1 b6 22. Rec3 Ra7 23. d5 e5 24. Qc2 Qg6 25. Nh4 Qg5 26. Nf5 Rf7 27. Qe2 g6 28. h4 Qf6 29. Nxh6+ Kh7 30. Nxf7 Qxf7 31. Qg4 Kh6 32. Qg5+ Kh7 33. h5 1-0


[Site "https://www.chess.com"]

[Event "Titled Tuesday Blitz July 4 Early 2023"]
[White "Ozates, Tuna"]
[Black "Rustemov, Alexander"]
[WhiteFideId "6354521"]
[BlackFideId "4119002"]
[WhiteElo "2557"]
[BlackElo "2783"]
[Result "0-1"]
[Round "4"]
[TimeControl "180+2"]
[Date "2023.07.04"]
[WhiteClock "0:02:16"]
[BlackClock "0:02:18"]
[Board "54"]

1. e4 e6 2. d4 d5 3. e5 c5 4. c3 Qb6 5. Nf3 Bd7 6. a3 Bb5 7. Bxb5+ Qxb5 8. b4 cxd4 9. cxd4 Nd7 10. Nc3 Qc6 11. Bd2 Nb6 12. O-O Nc4 13. Qe2 Ne7 14. Rfc1 Qd7 15. Bg5 h6 16. Bf4 Rc8 17. a4 Nc6 18. b5 N6a5 19. Rab1 Ba3 20. Rc2 Be7 21. Nd2 Na3 22. Rbc1 Nxc2 23. Rxc2 Bb4 24. Qd3 O-O 25. Nb3 Nxb3 0-1


[Site "https://www.chess.com"]

[Event "Titled Tuesday Blitz July 4 Early 2023"]
[White "Harsh Suresh"]
[Black "Lana Rodriguez, David"]
[WhiteFideId "45018464"]
[BlackFideId "2270803"]
[WhiteElo "2778"]
[BlackElo "2553"]
[Result "1-0"]
[Round "4"]
[TimeControl "180+2"]
[Date "2023.07.04"]
[WhiteClock "0:01:54"]
[BlackClock "0:01:14"]
[Board "55"]

1. d4 Nf6 2. Nf3 e6 3. Bf4 d5 4. e3 c5 5. c3 Nc6 6. Nbd2 Bd6 7. Bd3 O-O 8. O-O Re8 9. Bg3 e5 10. dxe5 Nxe5 11. Nxe5 Bxe5 12. Bxe5 Rxe5 13. Qc2 Qd6 14. Rad1 Bd7 15. Nc4 Qe7 16. Nxe5 Qxe5 17. Be2 Bc6 18. Bf3 Re8 19. c4 b6 20. cxd5 Bxd5 21. Bxd5 Nxd5 22. Qa4 Nf6 23. Qxa7 b5 24. b3 Qb2 25. Qxc5 Qxa2 26. Qxb5 h6 27. Qb6 Re6 28. Qd8+ Kh7 29. Qd3+ g6 30. Ra1 Qb2 31. Ra7 Kg8 32. h3 Ne4 33. Qd8+ Kg7 34. Ra8 1-0


[Site "https://www.chess.com"]

[Event "Titled Tuesday Blitz July 4 Early 2023"]
[White "Ashraf, Artin"]
[Black "Zavgorodniy, Sergiy"]
[WhiteFideId "22514805"]
[BlackFideId "14110148"]
[WhiteElo "2756"]
[BlackElo "2551"]
[Result "0-1"]
[Round "4"]
[TimeControl "180+2"]
[Date "2023.07.04"]
[WhiteClock "0:00:00"]
[BlackClock "0:01:02"]
[Board "56"]

1. Nf3 Nf6 2. c4 d6 3. e3 e5 4. d4 e4 5. Nfd2 c6 6. Nc3 d5 7. Be2 Bb4 8. Qb3 Bxc3 9. Qxc3 O-O 10. b3 Re8 11. h3 Nbd7 12. Ba3 Nf8 13. O-O-O dxc4 14. bxc4 b5 15. d5 cxd5 16. cxb5 Be6 17. Kb2 a6 18. bxa6 N8d7 19. Nb3 Nb6 20. Ka1 Nfd7 21. Na5 Na4 22. Qb4 Qf6+ 23. Qd4 Nc3 24. Qxf6 Nxf6 25. Rd2 Nxe2 26. Rxe2 Rxa6 27. Bb4 Rea8 28. Rb1 h5 29. Nb3 Nd7 30. Nd4 Ne5 31. Rc2 Nc4 32. Rb3 Bd7 33. Rbc3 h4 34. Nb3 Rg6 35. Nc5 Ba4 36. Nxa4 Rxa4 37. f4 Rxb4 38. Rb3 Rxb3 39. axb3 Nxe3 40. Rc8+ Kh7 41. b4 Rb6 42. b5 Rxb5 0-1


[Site "https://www.chess.com"]

[Event "Titled Tuesday Blitz July 4 Early 2023"]
[White "Gunina, Valentina"]
[Black "Bruedigam, Martin"]
[WhiteFideId "4167570"]
[BlackFideId "24608033"]
[WhiteElo "2743"]
[BlackElo "2550"]
[Result "1-0"]
[Round "4"]
[TimeControl "180+2"]
[Date "2023.07.04"]
[WhiteClock "0:00:04"]
[BlackClock "0:00:00"]
[Board "57"]

1. d4 d5 2. c4 e6 3. Nf3 a6 4. c5 b6 5. cxb6 c5 6. Nc3 Nd7 7. Bf4 Qxb6 8. Rb1 cxd4 9. Nxd4 e5 10. Nxd5 Qa5+ 11. Nc3 exf4 12. Qd2 Bb4 13. Nc6 Bxc3 14. bxc3 Qc5 15. Nb4 Rb8 16. Rc1 Ngf6 17. Qxf4 O-O 18. e3 Bb7 19. Be2 a5 20. Nd3 Qd5 21. f3 Rfe8 22. c4 Qe6 23. Kf2 h6 24. Rhd1 Rbc8 25. Qd4 Ba6 26. Nf4 Qc6 27. Qd6 Qxd6 28. Rxd6 Bb7 29. Rb1 Rc7 30. g4 Rec8 31. h4 Ne5 32. g5 Ne8 33. Rdb6 Ba8 34. gxh6 Nxc4 35. R6b5 Ncd6 36. Rg5 g6 37. h5 Kh7 38. hxg6+ fxg6 39. Rxg6 Nf5 40. Re6 Ned6 41. Bd3 1-0


[Site "https://www.chess.com"]

[Event "Titled Tuesday Blitz July 4 Early 2023"]
[White "Degenbaev, Aziz"]
[Black "Atakhan, Abtin"]
[WhiteFideId "13802640"]
[BlackFideId "22502203"]
[WhiteElo "2548"]
[BlackElo "2742"]
[Result "0-1"]
[Round "4"]
[TimeControl "180+2"]
[Date "2023.07.04"]
[WhiteClock "0:00:12"]
[BlackClock "0:00:17"]
[Board "58"]

1. d4 d5 2. c4 c6 3. Nf3 Nf6 4. Nc3 a6 5. e3 Bf5 6. Bd3 Bg6 7. O-O e6 8. Re1 Bb4 9. Qc2 dxc4 10. Bxg6 hxg6 11. e4 Nbd7 12. Bd2 Ba5 13. e5 Bxc3 14. exf6 Bxd2 15. fxg7 Rg8 16. Nxd2 Rxg7 17. Nxc4 Qc7 18. Qc3 Rh7 19. h3 Kf8 20. Rad1 Kg8 21. Ne5 Nf6 22. Qf3 Kg7 23. Nd3 Rh5 24. Nc5 Rf5 25. Qb3 b6 26. Nd3 Rd5 27. Ne5 Rad8 28. Nf3 Rb5 29. Qc2 Qd6 30. b3 Rd5 31. Rc1 c5 32. dxc5 Rxc5 33. Qb2 Rdc8 34. Rxc5 Qxc5 35. Ne5 Qc3 36. Qe2 Rd8 37. Nxf7 Kxf7 38. Qxe6+ Kg7 39. Re3 Qc1+ 40. Kh2 Qc7+ 41. g3 Re8 42. Qc4 Qxc4 43. bxc4 Rxe3 44. fxe3 Ne4 45. Kg2 Nd2 46. Kf2 Nxc4 47. e4 Kf6 48. Kf3 Ke5 0-1


[Site "https://www.chess.com"]

[Event "Titled Tuesday Blitz July 4 Early 2023"]
[White "Hajiyev, Kanan"]
[Black "Samunenkov, Ihor"]
[WhiteFideId "13404148"]
[BlackFideId "14187086"]
[WhiteElo "2547"]
[BlackElo "2731"]
[Result "0-1"]
[Round "4"]
[TimeControl "180+2"]
[Date "2023.07.04"]
[WhiteClock "0:00:12"]
[BlackClock "0:00:04"]
[Board "59"]

1. d4 Nf6 2. c4 e6 3. Nf3 b6 4. g3 c6 5. Bg2 Be7 6. O-O O-O 7. Nc3 d5 8. cxd5 cxd5 9. Bg5 Bb7 10. Rc1 Nbd7 11. h4 a6 12. e3 Rc8 13. Ne5 Nxe5 14. dxe5 Nd7 15. Bxe7 Qxe7 16. f4 b5 17. Kh2 Rc4 18. Ne2 Rfc8 19. Qd2 h5 20. Bf3 g6 21. b3 Rxc1 22. Rxc1 Rxc1 23. Qxc1 Nc5 24. Kg2 b4 25. Nd4 a5 26. Qc2 Kg7 27. Nb5 Ba6 28. Nd6 Qa7 29. Be2 Bxe2 30. Qxe2 a4 31. Qb5 Ne4 32. Ne8+ Kh7 33. Nf6+ Kg7 34. Ne8+ Kh7 35. Nf6+ Nxf6 36. exf6 Qxe3 37. Qe8 Qe4+ 38. Kg1 Qd4+ 39. Kg2 Qxf6 40. Qxa4 Qc3 41. Kh3 d4 42. Qd7 Kg7 43. Qd6 d3 44. Kg2 Qc2+ 45. Kf3 d2 46. Qd4+ Kh7 47. f5 d1=Q+ 48. Qxd1 Qxd1+ 49. Kf4 exf5 50. Kg5 Kg7 51. Kf4 Qe2 52. g4 Qe4+ 53. Kg3 f4+ 54. Kf2 Qe3+ 55. Kg2 f3+ 56. Kh2 f2 57. gxh5 gxh5 58. a4 bxa3 59. b4 f1=Q 60. b5 Qef2# 0-1


[Site "https://www.chess.com"]

[Event "Titled Tuesday Blitz July 4 Early 2023"]
[White "Ljukin, Sergei"]
[Black "Postny, Evgeny"]
[WhiteFideId "14102200"]
[BlackFideId "2804344"]
[WhiteElo "2543"]
[BlackElo "2728"]
[Result "0-1"]
[Round "4"]
[TimeControl "180+2"]
[Date "2023.07.04"]
[WhiteClock "0:00:11"]
[BlackClock "0:01:11"]
[Board "60"]

1. e4 c5 2. Nf3 d6 3. d4 cxd4 4. Nxd4 Nf6 5. Nc3 e6 6. Bg5 Be7 7. f4 Nc6 8. Nxc6 bxc6 9. Qf3 h6 10. Bh4 g5 11. fxg5 Nd7 12. Bd3 Ne5 13. Qe2 hxg5 14. Bg3 Rb8 15. Bxe5 dxe5 16. O-O Rxb2 17. Qf2 Qd4 18. Ne2 Qxf2+ 19. Kxf2 Rxh2 20. Rfb1 Rb6 21. a4 f5 22. a5 Rb4 23. Rxb4 Bxb4 24. a6 Bc5+ 25. Kg3 Rh4 26. exf5 exf5 27. Ra5 Bd6 28. Kf2 e4 29. Bc4 e3+ 0-1


[Site "https://www.chess.com"]

[Event "Titled Tuesday Blitz July 4 Early 2023"]
[White "Wagner, Dennis"]
[Black "Turzo, Attila"]
[WhiteFideId "24650684"]
[BlackFideId "704954"]
[WhiteElo "2727"]
[BlackElo "2542"]
[Result "1-0"]
[Round "4"]
[TimeControl "180+2"]
[Date "2023.07.04"]
[WhiteClock "0:00:17"]
[BlackClock "0:00:00"]
[Board "61"]

1. e4 d6 2. d4 Nf6 3. Nc3 g6 4. Be3 Bg7 5. Qd2 c6 6. O-O-O b5 7. f3 Qa5 8. Kb1 Nbd7 9. h4 h5 10. Nh3 b4 11. Ne2 c5 12. Nc1 cxd4 13. Bxd4 O-O 14. Ng5 Nb6 15. Nb3 Qa4 16. g4 hxg4 17. h5 gxh5 18. fxg4 Bxg4 19. Be2 e5 20. Be3 Rac8 21. Bxg4 hxg4 22. Qh2 Rfd8 23. Rdf1 Nbd7 24. Nh7 Qc6 25. Nxf6+ Nxf6 26. Bg5 Nxe4 27. Qh7+ Kf8 28. Rxf7+ Kxf7 29. Rf1+ 1-0


[Site "https://www.chess.com"]

[Event "Titled Tuesday Blitz July 4 Early 2023"]
[White "Suder, Jakub"]
[Black "Kourkoulos-Arditis, Stamatis"]
[WhiteFideId "1195310"]
[BlackFideId "4221990"]
[WhiteElo "2542"]
[BlackElo "2722"]
[Result "0-1"]
[Round "4"]
[TimeControl "180+2"]
[Date "2023.07.04"]
[WhiteClock "0:00:17"]
[BlackClock "0:00:16"]
[Board "62"]

1. d4 Nf6 2. c4 e6 3. Nc3 Bb4 4. f3 c5 5. d5 O-O 6. e4 d6 7. Ne2 a6 8. Ng3 b5 9. dxe6 Bxe6 10. cxb5 d5 11. exd5 Nxd5 12. Bd2 Re8 13. Be2 axb5 14. O-O c4 15. Kh1 Nxc3 16. bxc3 Ba3 17. f4 Nc6 18. f5 Bd5 19. f6 g6 20. Bf3 Bxf3 21. Qxf3 Ne5 22. Qf4 Nd3 23. Qh6 Bf8 24. Qh4 Qd5 25. Bh6 Bd6 26. Nf5 Re2 27. Ne3 Qe5 28. a4 Rxe3 29. Bxe3 Qxe3 30. axb5 Rxa1 31. Rxa1 Nf2+ 32. Kg1 Ne4+ 33. Kh1 g5 34. Qe1 Qxe1+ 35. Rxe1 Nxf6 36. b6 Kg7 37. b7 Bb8 38. Rd1 Ne4 39. Rd8 Be5 40. Rd5 Bc7 41. Rd4 Nd6 42. g4 Kf6 43. Rd5 Ke6 44. Rc5 Kd7 45. Kg2 Nxb7 46. Rxg5 Nd6 47. Kf3 Bd8 48. Rh5 Bf6 49. Rxh7 Bxc3 50. g5 Ke6 51. h4 Be5 52. Ke2 Kd5 53. h5 Ke4 54. g6 fxg6 55. hxg6 Nf5 56. Rb7 c3 57. Rb4+ Nd4+ 58. Ke1 Kd3 59. Rb1 c2 60. Rc1 Bg7 61. Kf2 Kd2 62. Rxc2+ Kxc2 63. Ke3 Kc3 64. Ke4 Kc4 65. Kf4 Kd5 66. Ke3 Ke5 67. Kd3 Ne6 68. Kc4 Kf6 69. Kd3 Ng5 70. Kc4 Kxg6 71. Kd3 Kf5 72. Kc4 Ne4 73. Kd5 Be5 74. Kc6 Ke6 75. Kb7 Kd5 76. Kc8 Kc6 77. Kd8 Nd6 78. Ke7 Kd5 79. Kd7 Ne4 80. Kc8 Nc3 81. Kb7 Kc5 82. Ka6 Kc6 83. Ka7 Nd5 84. Ka8 Nb6+ 85. Ka7 Bd6 86. Ka6 Bb8 87. Ka5 Nd5 88. Ka6 Nb4+ 89. Ka5 Kc5 90. Ka4 Bf4 91. Ka5 Bd2 92. Ka4 Nc6 93. Kb3 Nd4+ 94. Ka4 Kc4 95. Ka3 Kb5 96. Kb2 Kb4 97. Ka2 Bc1 98. Kb1 Ba3 99. Ka2 Ne2 100. Kb1 Kb3 101. Ka1 Bb2+ 102. Kb1 Nc3# 0-1


[Site "https://www.chess.com"]

[Event "Titled Tuesday Blitz July 4 Early 2023"]
[White "David, Bogdan-Emanuel"]
[Black "Rakhimzhan_Alen"]
[WhiteFideId "1229907"]
[WhiteElo "2540"]
[BlackElo "2719"]
[Result "0-1"]
[Round "4"]
[TimeControl "180+2"]
[Date "2023.07.04"]
[WhiteClock "0:00:01"]
[BlackClock "0:00:05"]
[Board "63"]

1. e4 c5 2. Nc3 Nc6 3. Bb5 Nd4 4. Nf3 a6 5. Bd3 Nc6 6. O-O g6 7. Re1 Bg7 8. e5 Qc7 9. Qe2 b5 10. a4 c4 11. Be4 Rb8 12. Nd5 Qd8 13. d4 cxd3 14. Bxd3 Nh6 15. axb5 axb5 16. Nf6+ Kf8 17. Nd5 Nf5 18. Bxf5 gxf5 19. Bg5 h6 20. Bh4 h5 21. Qd3 Rh6 22. Qxf5 d6 23. exd6 Bxf5 24. dxe7+ Nxe7 25. Bxe7+ Qxe7 26. Nxe7 Bxc2 27. Rac1 Bh7 28. Rc7 Re6 29. Rxe6 fxe6 30. Nc6 Ra8 31. h3 Be4 32. Ng5 Bd5 33. f4 Bxb2 34. Ne5 Bd4+ 35. Kh2 Bxe5 36. fxe5 Ra2 37. Rc8+ Ke7 38. Kg3 Rxg2+ 39. Kh4 b4 40. Rb8 b3 41. Kxh5 b2 42. h4 Ba2 43. Rb7+ Ke8 44. Ne4 b1=Q 45. Nf6+ Kd8 46. Rxb1 Bxb1 47. Kh6 Bf5 48. Kh5 Kc7 49. Kh6 Kb6 50. h5 Kc5 51. Ne8 Kd4 52. Nd6 Kxe5 53. Nc4+ Kd4 54. Ne3 Rh2 55. Nf1 Rh1 56. Ng3 Rh3 57. Ne2+ Ke3 58. Ng1 Rh4 59. Kg5 Rh1 60. h6 Be4 61. Nh3 Rxh3 62. Kf6 Rxh6+ 63. Ke5 Bf5 0-1


[Site "https://www.chess.com"]

[Event "Titled Tuesday Blitz July 4 Early 2023"]
[White "Shvedova, Alexandra"]
[Black "Panesar Vedant"]
[WhiteFideId "54154782"]
[BlackFideId "35033018"]
[WhiteElo "2540"]
[BlackElo "2710"]
[Result "0-1"]
[Round "4"]
[TimeControl "180+2"]
[Date "2023.07.04"]
[WhiteClock "0:00:14"]
[BlackClock "0:00:10"]
[Board "64"]

1. d4 d5 2. c4 c6 3. Nf3 Nf6 4. g3 e6 5. Bg2 Nbd7 6. O-O dxc4 7. a4 b6 8. Na3 Ba6 9. Qc2 Bxa3 10. Rxa3 O-O 11. Nd2 Rc8 12. Nxc4 c5 13. Nd6 Rc7 14. Qd1 Qe7 15. Nb5 Bxb5 16. axb5 cxd4 17. Qxd4 Nc5 18. Bg5 Rd8 19. Qe5 h6 20. Bxf6 gxf6 21. Qf4 Kg7 22. h4 Rcd7 23. Kh2 Rd2 24. b4 R2d4 25. e4 Rxb4 26. Qg4+ Kf8 27. Qf4 Kg7 28. Qg4+ Kh7 29. Qe2 Ra4 30. Rxa4 Nxa4 31. e5 Nc5 32. Qc2+ Kg7 33. Qe2 fxe5 34. Qxe5+ Qf6 35. Qe2 Rd4 36. Qe3 Rd3 37. Qe2 Qd4 38. h5 Rd2 39. Qf3 Nd3 40. Kg1 Ne5 41. Qa3 Ng4 42. Qf3 Rd3 43. Qb7 Rxg3 44. Kh1 Nxf2+ 45. Kg1 Nd3+ 46. Kh2 Qh4+ 0-1


[Site "https://www.chess.com"]

[Event "Titled Tuesday Blitz July 4 Early 2023"]
[White "Suyarov, Mukhammadzokhid"]
[Black "Osmak, Yuliia"]
[WhiteFideId "14210495"]
[BlackFideId "14101602"]
[WhiteElo "2705"]
[BlackElo "2540"]
[Result "1-0"]
[Round "4"]
[TimeControl "180+2"]
[Date "2023.07.04"]
[WhiteClock "0:02:26"]
[BlackClock "0:01:12"]
[Board "65"]

1. d4 Nf6 2. Nc3 d5 3. Bf4 c6 4. e3 Bf5 5. Nf3 e6 6. Ne5 Nbd7 7. g4 Bg6 8. h4 h5 9. Nxg6 fxg6 10. g5 Ne4 11. Nxe4 dxe4 12. Bg2 Qa5+ 13. c3 Qf5 14. Qc2 e5 15. Bxe4 Qg4 16. Bxg6+ Kd8 17. dxe5 Bc5 18. Bf5 Qf3 19. Be4 Qg4 20. Rd1 Rf8 21. b4 Bb6 22. f3 Qe6 23. Rd6 Qe7 24. e6 1-0


[Site "https://www.chess.com"]

[Event "Titled Tuesday Blitz July 4 Early 2023"]
[White "Matinian, Nikita"]
[Black "Tikhonov, Viacheslav"]
[WhiteFideId "24129100"]
[BlackFideId "44196407"]
[WhiteElo "2700"]
[BlackElo "2539"]
[Result "1-0"]
[Round "4"]
[TimeControl "180+2"]
[Date "2023.07.04"]
[WhiteClock "0:00:08"]
[BlackClock "0:00:04"]
[Board "66"]

1. e4 c5 2. Nf3 d6 3. d4 cxd4 4. Nxd4 Nf6 5. Nc3 a6 6. Be2 e5 7. Nb3 Be7 8. g4 Be6 9. g5 Nfd7 10. h4 b5 11. a4 b4 12. Nd5 Nc6 13. Be3 Nc5 14. Nxc5 dxc5 15. a5 Nd4 16. Bc4 O-O 17. Rg1 Kh8 18. h5 f5 19. gxf6 Bxf6 20. c3 bxc3 21. bxc3 Bh4 22. cxd4 cxd4 23. h6 g5 24. Bxd4 Qd6 25. Be3 Rac8 26. Qb3 Rf3 27. Ke2 Rcf8 28. Raf1 Bh3 29. Qb4 Bxf1+ 30. Rxf1 Qd7 31. Qc3 Qe6 32. Nf4 Qd6 33. Kxf3 gxf4 34. Bb6 Qxh6 35. Ke2 f3+ 36. Kd3 Qd6+ 37. Bd5 Rd8 38. Rh1 Be7 39. Rh5 Re8 40. Qxe5+ Qxe5 41. Rxe5 Kg7 42. Bd4 Kf6 43. Re6+ Kf7 44. Re5+ Kf8 45. Rf5+ Bf6 46. Rxf6+ Ke7 47. Rf7+ Kd6 48. Rf6+ Ke7 49. Rxf3 h5 50. Rf7+ Kd6 51. Rf6+ Kd7 52. Rxa6 Rb8 53. Rb6 Rf8 54. e5 h4 55. e6+ Ke7 56. Bc5+ Kf6 57. Bxf8 h3 58. e7+ Ke5 59. e8=Q+ Kxd5 60. Qe4# 1-0


[Site "https://www.chess.com"]

[Event "Titled Tuesday Blitz July 4 Early 2023"]
[White "Novikov, Evgenij"]
[Black "Cherniaiev, Tykhon"]
[WhiteFideId "4125380"]
[BlackFideId "14182360"]
[WhiteElo "2538"]
[BlackElo "2700"]
[Result "0-1"]
[Round "4"]
[TimeControl "180+2"]
[Date "2023.07.04"]
[WhiteClock "0:00:01"]
[BlackClock "0:00:06"]
[Board "67"]

1. d4 Nf6 2. c4 e6 3. Nc3 d5 4. cxd5 exd5 5. Bg5 Be7 6. e3 O-O 7. Bd3 c6 8. Nge2 h6 9. Bh4 Nh5 10. Bxe7 Qxe7 11. Ng3 Nf4 12. O-O Nxd3 13. Qxd3 a5 14. f3 b5 15. Rfe1 Ba6 16. Qd2 Nd7 17. Rac1 Rfd8 18. Nce2 Rac8 19. Nf4 b4 20. b3 Nf6 21. Nf5 Qd7 22. g4 Re8 23. Rc5 Bb5 24. h3 Kh7 25. Qc2 g6 26. Nh4 Rg8 27. Nd3 Bxd3 28. Qxd3 Qd6 29. Kf2 Rge8 30. Ng2 Nd7 31. Rc2 c5 32. Rec1 Rc7 33. dxc5 Nxc5 34. Qd4 Rec8 35. Kg1 Ne6 36. Qd3 Rxc2 37. Rxc2 Rxc2 38. Qxc2 Qg3 39. Qd1 d4 40. exd4 Nf4 41. Qd2 Nxh3+ 42. Kh1 Qxf3 43. d5 Nf2+ 44. Kg1 Ne4 45. Qe3 Qxg4 46. Qf4 Qd1+ 47. Kh2 Qxd5 48. Ne3 Qd6 49. Qxd6 Nxd6 50. Nc4 Nxc4 51. bxc4 Kg7 52. c5 Kf8 53. c6 Ke7 0-1


[Site "https://www.chess.com"]

[Event "Titled Tuesday Blitz July 4 Early 2023"]
[White "Papasimakopoulos, Alexandros"]
[Black "Richter, Paul"]
[WhiteFideId "4244125"]
[BlackFideId "2046350"]
[WhiteElo "2699"]
[BlackElo "2537"]
[Result "1/2-1/2"]
[Round "4"]
[TimeControl "180+2"]
[Date "2023.07.04"]
[WhiteClock "0:00:18"]
[BlackClock "0:00:03"]
[Board "68"]

1. d4 Nf6 2. c4 g6 3. Nc3 Bg7 4. Bg5 O-O 5. e3 d6 6. Nf3 Nbd7 7. Be2 e5 8. dxe5 dxe5 9. Nd2 h6 10. Bh4 c6 11. O-O Qc7 12. Qc2 a5 13. a3 Nc5 14. b4 axb4 15. axb4 Rxa1 16. Rxa1 Na6 17. Rb1 Bf5 18. e4 Be6 19. c5 b5 20. cxb6 Qxb6 21. Na4 Qb7 22. Bxa6 Qxa6 23. Nc5 Qa2 24. Qxa2 Bxa2 25. Ra1 Be6 26. Bxf6 Bxf6 27. Nxe6 fxe6 28. Nc4 Rb8 29. Ra4 c5 30. Na5 Rxb4 31. Rxb4 cxb4 32. Kf1 Be7 33. Ke2 Kf7 34. Kd3 Bc5 35. f3 h5 36. Kc4 Bd6 37. Nc6 g5 38. Nxb4 g4 39. fxg4 hxg4 40. Nd3 Kf6 41. Kb5 Bb8 42. Kb6 Bd6 43. Kc6 Bb8 44. Kb6 Bd6 45. Kb7 Be7 46. Kc7 Bf8 47. Kd7 Bh6 48. Nc5 Bf4 49. h3 gxh3 50. gxh3 Kg5 51. Kxe6 Kh4 52. Nd3 Kxh3 53. Kf5 Bh2 54. Nxe5 Bg3 55. Ng6 Bc7 56. Nf4+ Kh4 57. Nd5 Bb8 58. Ne7 Kh5 59. Nc6 Bc7 60. Kf6 Kh6 61. Ne7 Kh7 62. Nd5 Bb8 63. Kf7 Kh8 64. Nf6 Bh2 65. Ne8 Bg3 66. Ng7 Bh2 67. Ne6 Bg3 68. Nf8 Bh2 69. Ng6+ Kh7 70. Nh4 Bg3 71. Nf5 Bh2 72. Kf6 Kg8 73. Ke7 Kh8 74. Kf7 Be5 75. Nh6 Bh2 76. Ng4 Bg3 77. Kg6 Kg8 78. Nf6+ Kh8 79. Nh5 Bh2 80. Kf7 Kh7 81. Nf6+ Kh8 82. Ng4 Bg3 83. Kf6 Kg8 84. Nh6+ Kh8 85. Nf5 Bh2 86. Kg5 Be5 87. Nh6 Bh2 88. Ng4 Bc7 89. Kf5 Kg8 90. Ke6 Kh8 91. Kd7 Bf4 92. Ke7 Bg3 93. Nf6 Bh2 94. Nh5 Kg8 95. Nf6+ Kh8 96. Ng4 Bg3 97. Kf7 Bf4 98. Nf6 Bh2 1/2-1/2


[Site "https://www.chess.com"]

[Event "Titled Tuesday Blitz July 4 Early 2023"]
[White "Koshulyan, Egor A."]
[Black "Rodchenkov, Sergey D."]
[WhiteFideId "24237000"]
[BlackFideId "4168712"]
[WhiteElo "2699"]
[BlackElo "2535"]
[Result "0-1"]
[Round "4"]
[TimeControl "180+2"]
[Date "2023.07.04"]
[WhiteClock "0:00:29"]
[BlackClock "0:00:24"]
[Board "69"]

1. f4 d5 2. Nf3 Nf6 3. g3 Bf5 4. Bg2 h6 5. O-O e6 6. Nc3 Nbd7 7. d3 Be7 8. Nh4 Bh7 9. e4 c6 10. e5 Ng8 11. Nf3 Bc5+ 12. d4 Bb6 13. Ne2 Ne7 14. Kh1 c5 15. c3 Be4 16. g4 h5 17. g5 h4 18. h3 Nf5 19. Kh2 g6 20. Ne1 Bxg2 21. Nxg2 Kf8 22. Ne3 Kg7 23. Ng4 cxd4 24. cxd4 Rc8 25. Nf6 Nxf6 26. gxf6+ Kh7 27. Qd3 Qc7 28. Qf3 Qc2 29. Be3 Qe4 30. Bd2 Rc2 31. Rad1 Qxf3 32. Rxf3 Rxb2 33. Rd3 Rc8 34. Kh1 Rc4 35. Ng1 Rxd4 36. Rxd4 Bxd4 37. Nf3 Bc5 38. Ng5+ Kg8 39. Be1 b6 40. Nf3 Ng3+ 41. Bxg3 hxg3 42. Nh4 Rh2# 0-1


[Site "https://www.chess.com"]

[Event "Titled Tuesday Blitz July 4 Early 2023"]
[White "Goryachkina, Aleksandra"]
[Black "Trifan, Andrei Ioan"]
[WhiteFideId "4147103"]
[BlackFideId "12967068"]
[WhiteElo "2688"]
[BlackElo "2534"]
[Result "1-0"]
[Round "4"]
[TimeControl "180+2"]
[Date "2023.07.04"]
[WhiteClock "0:00:02"]
[BlackClock "0:00:07"]
[Board "70"]

1. e4 e5 2. Nf3 Nc6 3. d4 exd4 4. Nxd4 Bc5 5. Be3 Qf6 6. c3 Nge7 7. Bb5 O-O 8. O-O Bb6 9. a4 d5 10. Bxc6 bxc6 11. a5 Bc5 12. e5 Qxe5 13. Nxc6 Nxc6 14. Bxc5 Rd8 15. Re1 Qf6 16. Nd2 Bf5 17. Nb3 a6 18. Nd4 Be4 19. f3 Bg6 20. Qe2 h6 21. b4 Kh7 22. h3 Rd7 23. b5 Nd8 24. Be7 Qf4 25. bxa6 Ne6 26. Nxe6 fxe6 27. Qxe6 Bf5 28. Qc6 Ra7 29. Bc5 Qc4 30. Qxd7 Bxd7 31. Bxa7 Qxa6 32. Bd4 Bc8 33. Re7 Kg6 34. Rxg7+ Kh5 35. Rxc7 Be6 36. Re1 Bxh3 37. gxh3 Qg6+ 38. Kh2 Qd6+ 39. Be5 Qa3 40. Rg7 Qxa5 41. Rg2 Qd8 42. Ree2 Qf8 43. f4 Qf5 44. Rd2 Qd3 45. Rxd3 1-0


[Site "https://www.chess.com"]

[Event "Titled Tuesday Blitz July 4 Early 2023"]
[White "Antonio, Rogelio Jr"]
[Black "Sreyas Payyappat"]
[WhiteFideId "5200032"]
[BlackFideId "46674969"]
[WhiteElo "2688"]
[BlackElo "2533"]
[Result "1-0"]
[Round "4"]
[TimeControl "180+2"]
[Date "2023.07.04"]
[WhiteClock "0:02:13"]
[BlackClock "0:02:11"]
[Board "71"]

1. e4 c6 2. Nc3 d5 3. Nf3 dxe4 4. Nxe4 Nf6 5. Qe2 Nxe4 6. Qxe4 Nd7 7. Bc4 Nf6 8. Ne5 e6 9. Qe2 b5 10. Bb3 Qc7 11. d4 Bd6 12. Bf4 Bb7 13. O-O O-O 14. a4 a6 15. Rad1 Rfd8 16. Rfe1 Nd7 17. Nxf7 Bxf4 18. Qxe6 Bxh2+ 19. Kh1 Nc5 20. dxc5 Rxd1 21. Nd8+ 1-0


[Site "https://www.chess.com"]